cohdb
Replays
Latest Replays
All Replays
Popular Replays
Top Player Replays
Match Explorer
How It Works
Community
CoH3 Stats
Reddit
Sign in to upload your games and track your stats! →
Sign in with Steam
Match 40331282
Unlisted
Match 40331282
Overview
Messages
Build Orders
End
Royal Engineer Section
Construct Section Command Post
Dingo Light Scout Car
Vickers Machine Gun Team
Selects Heavy Armor Battlegroup
Infantry Section
Construct Platoon Command Post
Humber Armored Car
Selects Engineer Detachments
Vickers Machine Gun Team
Infantry Section
6-pounder Anti-tank Gun Team
Royal Engineer Section
^3
ssume
0
0
Comments
sign in to comment!
No comments posted yet!